 Dungeon Crawl Stone Soup version 0.30-a0-743-gbfdf073431 (webtiles) character file.

Game seed: 3709542985221731491

1340 Bnni the Skirmisher (level 8, -12/51 HPs)
             Began as a Tengu Hunter on Feb 6, 2023.
             Mangled by Prince Ribbit (17 damage)
             ... on level 6 of the Dungeon.
             The game lasted 00:08:30 (5590 turns).

Bnni the Skirmisher (Tengu Hunter)                  Turns: 5590, Time: 00:08:31

Health: -12/51     AC:  5    Str: 11    XL:     8   Next: 62%
Magic:  9/9        EV: 14    Int: 10    God:
Gold:   209        SH:  0    Dex: 20    Spells: 7/7 levels left

rFire   . . .      SeeInvis .    a - +0 shortbow
rCold   . . .      Faith    +    (shield currently unavailable)
rNeg    . . .      Spirit   .    c - +0 leather armour
rPois   .          Reflect  .    (helmet restricted)
rElec   .          Harm     .    v - +0 cloak
rCorr   .          Rampage  .    w - +0 pair of gloves
Will    .....                    (boots unavailable)
Stlth   ++                       h - amulet of faith
HPRegen 0.28/turn                (no ring)
MPRegen 0.11/turn                (no ring)

@: flying quickly and evasively, quick
A: beak, talons 3, nimble flight
a: no special abilities


You were on level 6 of the Dungeon.
You visited 2 branches of the dungeon, and saw 7 of its levels.

You collected 209 gold pieces.

Inventory:

Hand Weapons
 a - a +0 shortbow (weapon)
 B - a +2 dagger of venom
Missiles
 f - 8 poisoned darts
Armour
 c - a +0 leather armour (worn)
 v - a +0 cloak (worn)
 w - a +0 pair of gloves (worn)
Jewellery
 h - an amulet of faith (around neck)
Wands
 k - a wand of polymorph (11)
Scrolls
 b - a scroll of immolation
 d - 3 scrolls of enchant weapon {unknown}
 j - a scroll of enchant armour {unknown}
 o - 5 scrolls of identify {unknown}
 p - a scroll of poison {unknown}
 s - 5 scrolls of teleportation {unknown}
 t - 2 scrolls of fear {unknown}
 y - 2 scrolls of magic mapping {unknown}
Potions
 e - a potion of resistance {unknown}
 g - 2 potions of brilliance {unknown}
 i - 4 potions of curing {unknown}
 l - a potion of invisibility {unknown}
 n - a potion of haste {unknown}
 q - 3 potions of mutation {unknown}
 r - a potion of berserk rage {unknown}
 u - a potion of attraction {unknown}
 x - 2 potions of might {unknown}
 z - a potion of cancellation {unknown}
 A - 2 potions of magic {unknown}


   Skills:
 + Level 6.2 Fighting
 * Level 10.2 Ranged Weapons
 - Level 2.1 Dodging
 - Level 1.0 Stealth


You had 7 spell levels left.
You didn't know any spells.
Your spell library contained the following spells:

 Spells                   Type           Power      Damage    Failure   Level
 Sublimation of Blood     Necr           0%         N/A       58%         2
 Wereblood                Tmut           0%         N/A       58%         2
 Summon Hydra             Summ           0%         N/A       100%        7


Dungeon Overview and Level Annotations

Branches:
Dungeon (6/15)             Temple (1/1) D:4

Altars:
Ashenzari
Cheibriados
Dithmenos
Elyvilon
Fedhas
Gozag
Kikubaaqudgha
Makhleb
Nemelex Xobeh
Okawaru
Qazlal
Ru
Sif Muna
Trog
Uskayaw
Vehumet
Wu Jian
Xom
Yredelemnul
Zin
The Shining One

Annotations:
D:6 Prince Ribbit


Innate Abilities, Weirdness & Mutations

You have a beak for a mouth.
You have claws for feet.
Your magical nature lets you fly swiftly and evasively.


Message History

You fly upwards.
There is a stone staircase leading down here.
You start resting.
HP restored.
You fly downwards.
Level annotation: Prince Ribbit Prince Ribbit closely misses you.
Prince Ribbit misses you.
There is a stone staircase leading up here.
You shoot an arrow. The arrow hits Prince Ribbit.
Prince Ribbit is lightly wounded.
Prince Ribbit catches a millipede with his tongue.
Prince Ribbit barely misses you.
Prince Ribbit blinks!
You shoot an arrow. The arrow barely misses Prince Ribbit.
You shoot an arrow. The arrow hits Prince Ribbit.
Prince Ribbit is lightly wounded.
You shoot an arrow. The arrow misses Prince Ribbit.
Prince Ribbit lets out a mournful croak.
Prince Ribbit blinks!
No target in view!
No target in view!
You start waiting.
Prince Ribbit is nearby!
You shoot an arrow. The arrow misses Prince Ribbit.
Prince Ribbit hits you!
You shoot an arrow. The arrow barely misses Prince Ribbit.
Prince Ribbit barely misses you.
You shoot an arrow. The arrow hits Prince Ribbit!
Prince Ribbit is heavily wounded.
Prince Ribbit sighs, "It's not easy being green!"
Prince Ribbit hits you! Prince Ribbit hits you.
You shoot an arrow. The arrow closely misses Prince Ribbit.
Prince Ribbit hits you!
You are too injured to fight recklessly!
You shoot an arrow. The arrow hits Prince Ribbit.
Prince Ribbit is heavily wounded.
Prince Ribbit hits you!
* * * LOW HITPOINT WARNING * * *
You shoot an arrow. The arrow hits Prince Ribbit.
Prince Ribbit is heavily wounded.
Prince Ribbit hits you!
You die...

....#.##"...# ......
.............##...>..
....#.###............
####............$.......
..##...####.............
................(..§..(.
...................#
..#.[#....##.....###
###.†...$.###..F@#
...............#####..
.###...........#......
.............#........
.##..#...........###.#
#.##............... #)
#...(.#.#..##..# ..
####..#.......... ...
#..###.........


You could see Prince Ribbit.

Vanquished Creatures
  Sigmund (D:3)
  A water moccasin (D:5)
  An orc warrior (D:4)
  An ice beast (D:5)
  An ogre (D:2)
  The ghost of M4edhros the Insei, an amateur OpTm of Cheibriados (D:4)
  4 scorpions
  A howler monkey (D:5)
  A hound (D:4)
  2 orc priests (D:4)
  4 iguanas
  4 orc wizards
  Robin (D:4)
  4 adders
  A shadow imp (D:5)
  4 worms
  4 dart slugs
  16 orcs
  2 bats
  7 endoplasms
  3 giant cockroaches
  9 hobgoblins
  4 jackals
  9 ball pythons
  2 frilled lizards (D:1)
  14 goblins
  6 kobolds
  3 rats
111 creatures vanquished.

Notes
Turn   | Place    | Note
-------+----------+-------------------------------------------
     0 | D:1      | Bnni the Tengu Hunter began the quest for the Orb.
     0 | D:1      | Reached XP level 1. HP: 12/12 MP: 2/2
     6 | D:1      | Noticed a swamp worm
     6 | D:1      | Noticed a water moccasin
     6 | D:1      | Noticed an eight-headed hydra
     7 | D:1      | Noticed a snapping turtle
     7 | D:1      | Noticed a redback
    63 | D:1      | Reached XP level 2. HP: 17/17 MP: 3/3
   716 | D:2      | Reached skill level 5 in Ranged Weapons
  1119 | D:2      | Reached XP level 3. HP: 21/22 MP: 4/4
  1257 | D:2      | Noticed an ogre
  1264 | D:2      | Killed an ogre
  1265 | D:2      | Reached skill level 6 in Ranged Weapons
  1265 | D:2      | Reached XP level 4. HP: 28/28 MP: 5/5
  1265 | D:2      | Gained mutation: Your magical nature lets you fly swiftly
                  | and evasively. [Tengu growth]
  1265 | D:2      | Reached XP level 5. HP: 32/32 MP: 6/6
  2007 | D:3      | Found a faded altar of an unknown god.
  2164 | D:3      | Noticed Sigmund
  2176 | D:3      | Killed Sigmund
  2177 | D:3      | Reached skill level 7 in Ranged Weapons
  2177 | D:3      | Reached XP level 6. HP: 5/38 MP: 7/7
  2467 | D:3      | You are sucked into a shaft and drop 3 floors!
  2501 | D:5      | Entered Level 5 of the Dungeon
  2803 | D:3      | Reached XP level 7. HP: 42/44 MP: 8/8
  3130 | D:4      | Reached skill level 8 in Ranged Weapons
  3295 | D:4      | Found a runed translucent gate.
  3296 | D:4      | Found a runed translucent gate.
  3297 | D:4      | Found a runed translucent gate.
  3297 | D:4      | Noticed M4edhros's ghost (amateur OpTm)
  3329 | D:4      | Noticed Robin
  3489 | D:4      | Reached skill level 5 in Fighting
  3508 | D:4      | Killed Robin
  3546 | D:4      | Found a staircase to the Ecumenical Temple.
  3579 | Temple   | Entered the Ecumenical Temple
  4332 | D:4      | Killed M4edhros's ghost
  4333 | D:4      | Reached skill level 9 in Ranged Weapons
  4470 | D:4      | Reached XP level 8. HP: 8/50 MP: 9/9
  5250 | D:5      | Reached skill level 10 in Ranged Weapons
  5485 | D:6      | Noticed Prince Ribbit
  5590 | D:6      | Mangled by Prince Ribbit

Illustrated notes

Levels and vault maps discovered:
D:1:      onia_arrival_zoo_common, layout_basic, minivault_14
D:2:      layout_basic, st_stairs_11, chequers_serial_rivers_room_b,
          kennysheep_cross_bottleneck, minivault_11, nrook_campfire
D:3:      layout_loops_ring, hellmonk_ecumenical_altar_crossroads,
          portal_sewer_entry_d, uniq_sigmund
D:4:      layout_basic, minmay_temple_entry_ruins, biasface_ghost_orc_armoury,
          nrook_mini_backslash, uniq_robin
D:5:      layout_basic
D:6:      layout_rooms, nicolae_inconvenience_store, nicolae_sextant,
          uniq_prince_ribbit1
Temple:   mainiacjoe_temple_hex_bubbles

Skill      XL: |  1  2  3  4  5  6  7  8 |
---------------+-------------------------+-----
Ranged Weapons | 5 6 7 9 10 | 10.2
Fighting       | 3 4 5 6 |  6.2
Dodging        | |  2.1
Stealth        | |  1.0

Action                     |  1- 3 |  4- 6 |  7- 9 || total
---------------------------+-------+-------+-------++-------
  Melee: Dagger            |       |       |     5 ||     5
         Kick              |       |       |     2 ||     2
   Fire: Shortbow          |    82 |   108 |   207 ||   397
  Throw: Dart              |       |     2 |    15 ||    17
 Armour: Leather armour    |    10 |    15 |    16 ||    41
  Dodge: Dodged            |    19 |    65 |    74 ||   158

Table legend: (Time is in decaauts)
 A = Elapsed time spent in this place.
 B = Non-inter-level travel time spent in this place.
 C = Inter-level travel time spent in this place.
 D = Time resting spent in this place.
 E = Time spent auto-exploring this place.
 F = Levels seen in this place.
 G = Mean time per level.
                   A        B        C        D        E       F      G
               +--------+--------+--------+--------+--------+-----+--------+
         Total |   5396 |   5085 |    311 |    729 |   3395 |   7 |  770.9 |
       Dungeon |   5068 |   4770 |    298 |    627 |   3186 |   6 |  844.7 |
        Temple |    328 |    316 |     12 |    102 |    209 |   1 |  328.0 |
               +--------+--------+--------+--------+--------+-----+--------+

Top non-repeatable levels by time:
     D:4: 1193 daAuts
     D:2: 1070 daAuts
     D:3: 1041 daAuts
     D:5: 948 daAuts
     D:1: 749 daAuts
  Temple: 328 daAuts
     D:6: 64 daAuts
